 Dungeon Crawl Stone Soup version 0.28.0-47-ge53b351184 (webtiles) character file.

Game seed: 2671518729893571221

75 warriortoast the Magician (level 4, -2/24 HPs)
             Began as a Deep Elf Fire Elementalist on May 2, 2022.
             Was an Initiate of Vehumet.
             Killed by nerve-wracking pain
             ... invoked by Grinder
              (8 damage)
             ... while paralysed by Grinder
             ... on level 3 of the Dungeon on May 5, 2022.
             The game lasted 00:12:08 (2409 turns).

warriortoast the Magician (DEFE)                    Turns: 2409, Time: 00:12:08

Health: -2/24      AC:  2    Str:  5    XL:     4   Next: 11%
Magic:  4/12       EV:  2    Int: 22    God:    Vehumet [......]
Gold:   164        SH:  0    Dex: 15    Spells: 5/11 levels left

rFire   . . .      SeeInvis .   (no weapon)
rCold   . . .      Faith    .   (no shield)
rNeg    . . .      Spirit   .   a - +0 robe
rPois   .          Reflect  .   (no helmet)
rElec   .          Harm     .   d - scarf {+Inv}
rCorr   .          Rampage  .   (no gloves)
Will    .....                   (no boots)
Stlth   ++........              (no amulet)
HPRegen 0.08/turn               (no ring)
MPRegen 0.13/turn               (no ring)

@: paralysed, lethally poisoned (-2 -> -6), very slightly contaminated
A: no striking features
a: Renounce Religion, Evoke Invisibility


You were on level 3 of the Dungeon.
You worshipped Vehumet.
Vehumet was noncommittal.
You visited 1 branch of the dungeon, and saw 3 of its levels.

You collected 164 gold pieces.

Inventory:

Hand Weapons
 b - a +0 dagger of speed
Armour
 a - a +0 robe (worn)
 d - a scarf of invisibility (worn)
Scrolls
 e - 2 scrolls of magic mapping {unknown}
 f - 3 scrolls of teleportation {unknown}
 h - a scroll of brand weapon {unknown}
 i - a scroll of enchant weapon {unknown}
 l - 3 scrolls of identify {unknown}
 m - a scroll of fear {unknown}
 o - a scroll of vulnerability {unknown}
Potions
 c - a potion of flight {unknown}
 g - a potion of curing {unknown}
 j - a potion of berserk rage {unknown}
 k - 2 potions of haste {unknown}
 n - a potion of heal wounds {unknown}


   Skills:
 - Level 2.4 Dodging
 - Level 2.4 Stealth
 + Level 4.2 Spellcasting
 + Level 2.6 Conjurations
 + Level 4.1 Fire Magic


You had 5 spell levels left.
You knew the following spells:

 Your Spells              Type           Power      Damage    Failure   Level
a - Foxfire               Conj/Fire      76%        2x1d7     2%          1
b - Scorch                Fire           44%        2d7       3%          2
c - Conjure Flame         Conj/Fire      19%        6-21      9%          3

Your spell library contained the following spells:

 Spells                   Type           Power      Damage    Failure   Level
 Inner Flame              Hex/Fire       13%        N/A       14%         3
 Flame Wave               Conj/Fire      19%        2d6       26%         4


Dungeon Overview and Level Annotations

Branches:
Dungeon (3/15)

Altars:
Hepliaklqana
Qazlal
Vehumet

Annotations:
D:3 Grinder


Message History

Flames lash the rat.
You kill the rat!
Vehumet accepts your kill.
Casting: Scorch (safe; 3% risk of failure)
Confirm with . or Enter, or press ? or * to list all spells.
The spell is quite dangerous to miscast (9% risk of failure)!
Continue anyway?
The fire begins to smoulder!
The fire ignites!
You conjure some foxfire!
The foxfire hits Grinder.
Grinder is lightly wounded.
The foxfire hits Grinder.
Grinder is lightly wounded.
An adder comes into view.
You conjure some foxfire!
The adder hisses angrily.
The foxfire hits the adder.
The adder is moderately wounded.
You conjure some foxfire!
The foxfire hits the adder.
The adder is moderately wounded.
Grinder gestures at you.
You barely resist.
You miscast Foxfire.
You are very lightly contaminated with residual magic.
Nothing appears to happen.
The foxfire hits the adder.
The adder is severely wounded.
The adder closely misses you. Grinder gestures at you.
You suddenly lose the ability to move!
The adder bites you. Grinder gestures at you. Pain shoots through your body!
The adder bites you. The adder bites you.
* * * LOW HITPOINT WARNING * * *
You are poisoned.
The adder poisons you!
* * * LOW HITPOINT WARNING * * *
You feel sick. The adder bites you but does no damage. Grinder gestures at you.
Pain shoots through your body!
You die...

#.# ## #.# #> ###'#######
###........##
##..........#
#..#######..#
#..#$$$..#..#
#############..#..$$.#..#
#........@.5...+.$_..#..#
#.#######S###..#.$.$$#..#
#.# ##.#..$..#.## ..#
#.#######.# .### .......
.# ####.## #. .# #


You could see Grinder and an adder.

Vanquished Creatures
  2 adders
  A worm (D:2)
  2 dart slugs
  An orc (D:3)
  3 bats
  5 endoplasms
  3 giant cockroaches
  5 hobgoblins
  2 jackals (D:1)
  3 kobolds (D:1)
  2 quokkas
  6 ball pythons (D:1)
  5 frilled lizards
  2 goblins
  7 rats
49 creatures vanquished.

Vanquished Creatures (others)
  211 foxfires
211 creatures vanquished.

Grand Total: 260 creatures vanquished

Notes
Turn   | Place    | Note
-------+----------+-------------------------------------------
     0 | D:1      | warriortoast the Deep Elf Fire Elementalist began the quest
                  | for the Orb.
     0 | D:1      | Reached XP level 1. HP: 10/10 MP: 6/6
   210 | D:1      | Reached XP level 2. HP: 15/15 MP: 4/8
   780 | D:1      | Found a faded altar of an unknown god.
   898 | D:1      | Reached XP level 3. HP: 18/19 MP: 3/10
   901 | D:1      | Learned a level 2 spell: Scorch
   905 | D:1      | Learned a level 3 spell: Conjure Flame
  1701 | D:2      | Found a radiant altar of Vehumet.
  1709 | D:2      | Became a worshipper of Vehumet
  1956 | D:3      | Found a hazy altar of Hepliaklqana.
  2298 | D:3      | Reached XP level 4. HP: 24/24 MP: 10/12
  2367 | D:3      | Noticed Grinder
  2382 | D:3      | Found a stormy altar of Qazlal.
  2406 | D:3      | Paralysed by Grinder for 5 turns
  2409 | D:3      | Killed from afar by Grinder

Illustrated notes

Levels and vault maps discovered:
D:1:      psy_arrival_radial01, layout_rooms, basic_ecumenical_altar
D:2:      layout_rooms, serial_aquarium, aquarium_bridge_square
          [aquarium_subvault_bridge, aquarium_subvault_bridge,
          aquarium_subvault_wall, aquarium_subvault_bridge],
          aquarium_window_corridor_1, aquarium_window_1, aquarium_window_fake,
          aquarium_window_1, aquarium_view_2g, aquarium_balcony_3b,
          aquarium_pool_2, basic_altar
D:3:      layout_basic, amcnicky_altar_gilded, nzn_hepliaklqana_mist_gate,
          grunt_ministairs_4, uniq_grinder

Skill      XL: |  1  2  3 |
---------------+----------+-----
Conjurations   | 2 |  2.6
Spellcasting   | 4 |  4.2
Fire Magic     | 4 |  4.1
Dodging        | |  2.4
Stealth        | |  2.4

Action                   |  1- 3 |  4- 6 || total
-------------------------+-------+-------++-------
 Cast: Foxfire           |   123 |     5 ||   128
       Scorch            |     2 |     1 ||     3
       Conjure Flame     |       |     1 ||     1
Armor: Robe              |     1 |     1 ||     2
Dodge: Dodged            |     8 |     1 ||     9
